 Dungeon Crawl Stone Soup version 0.21.1-1-g345015f (webtiles) character file.

98 Larett the Covert (level 4, -3/43 HPs)
             Began as an Octopode Assassin on Feb 10, 2018.
             Slain by apoch's ghost (4 damage)
             ... on level 3 of the Dungeon.
             The game lasted 00:06:35 (2976 turns).

Larett the Covert (Octopode Assassin)               Turns: 2976, Time: 00:06:35

Health: -3/43      AC: 22    Str: 15    XL:     4   Next: 69%
Magic:  4/4        EV:  2    Int: 13    God:
Gold:   131        SH:  0    Dex: 14    Spells: 3/3 levels left

rFire    . . .     SeeInvis .   W - +2 hand axe (elec)
rCold    . . .     Gourm    .   (no shield)
rNeg     + + +     Faith    .   (helmet currently unavailable)
rPois    +         Spirit   .   (no amulet)
rElec    .         Reflect  .   z - ring of loudness (curse)
rCorr    .         Harm     .   (no ring)
MR       .....     NoTele   +   (no ring)
Stlth    +++.......             (no ring)
HPRegen  0.14/turn              (no ring)
MPRegen  0.09/turn              (no ring)
                                (no ring)
                                (no ring)

@: mighty, tree-form
A: almost no armour, stealthy swim, (amphibious), 8 rings, (constrict 8)
a: no special abilities


You were on level 3 of the Dungeon.
You were very hungry.
You were a tree.
You visited 1 branch of the dungeon, and saw 3 of its levels.

You collected 131 gold pieces.

Inventory:

Hand Weapons
 a - a +2 dagger
 q - a +0 blowgun
 W - a +2 hand axe of electrocution (weapon)
Missiles
 c - 26 poisoned needles
 d - 2 curare-tipped needles
 v - 3 tomahawks (quivered)
 w - 73 stones
 T - 43 arrows
 Z - a throwing net {!f}
Jewellery
 z - a cursed ring of loudness (left branch)
Scrolls
 X - 2 scrolls of remove curse {unknown}
Potions
 u - a potion of cancellation
 Q - 2 potions of curing
 V - a potion of ambrosia {unknown}
 Y - a potion of agility {unknown}
Comestibles
 f - 6 rations


   Skills:
 - Level 2.0 Fighting
 - Level 2.0 Short Blades
 - Level 2.0 Throwing
 - Level 1.0 Dodging
 + Level 8.2 Stealth


You had 3 spell levels left.
You didn't know any spells.

Dungeon Overview and Level Annotations

Branches:
Dungeon (3/15)

Altars:
Sif Muna

Annotations:
D:3 apoch's ghost, amateur TrMo


Innate Abilities, Weirdness & Mutations

You cannot wear most types of armour.
You are very stealthy in the water. (Stealth+)
((You are amphibious.))
You can wear up to eight rings at the same time.
((You can use your tentacles to constrict eight enemies at once.))
((Your skin changes colour to match your surroundings (Stealth+).))
((Your rubbery body absorbs attacks. (AC +1, EV +1)))


Message History

You completely miss apoch's ghost. You squeeze apoch's ghost.
Apoch's ghost is lightly damaged.
Apoch's ghost closely misses you. Apoch's ghost hits you!
You closely miss apoch's ghost.
Apoch's ghost is lightly damaged.
Apoch's ghost hits you!
Ouch! That really hurt!
* * * LOW HITPOINT WARNING * * *
It was a potion of lignification.
You turn into a tree.
Your roots penetrate the ground.
Apoch's ghost hits you but does no damage.
You completely miss apoch's ghost.
Apoch's ghost is lightly damaged.
Apoch's ghost hits you!
* * * LOW HITPOINT WARNING * * *
You hit apoch's ghost but do no damage.
Lightning courses through apoch's ghost!
Apoch's ghost is moderately damaged.
Apoch's ghost hits you.
You die...

#.##..#...####.##.## #.# ##
#......###.# #.##..###.# ####.
.......# #.# #.##.#.##.# #...#
####.#.###.###.#...#.#.######.##.
#.##....>..................###
#>##........###.############ #
##.#############.# #.....
......W.#.# #...######## #♣#.#
#..........# #.#.# ####
#.#.######.# #.#.# #... #..#.##
##.###.#.# #.##
##.###.###........# #.# ##.##
##...........# #.# ..##
##.######.#.# #.# ##.# #.##
#.#.###########.# #.#
#.########.#.............#


You could see apoch's ghost.

Vanquished Creatures
  3 adders (D:2)
  A worm (D:2)
  A dart slug (D:1)
  3 leopard geckos
  5 orcs (D:3)
  9 bats
  4 giant cockroaches
  6 goblins
  5 hobgoblins
  2 ball pythons (D:1)
  2 frilled lizards (D:1)
  8 kobolds
  8 rats
57 creatures vanquished.

Notes
Turn   | Place    | Note
-------+----------+-------------------------------------------
     0 | D:1      | Larett the Octopode Assassin began the quest for the Orb.
     0 | D:1      | Reached XP level 1. HP: 14/14 MP: 1/1
   139 | D:1      | Reached skill level 6 in Stealth
   139 | D:1      | Reached XP level 2. HP: 16/19 MP: 2/2
   563 | D:1      | Reached XP level 3. HP: 24/24 MP: 3/3
   876 | D:1      | Reached skill level 7 in Stealth
  1338 | D:2      | Reached XP level 4. HP: 29/29 MP: 4/4
  1693 | D:2      | Reached skill level 8 in Stealth
  1974 | D:3      | Noticed apoch's ghost (amateur TrMo)
  2276 | D:3      | Found a deep blue altar of Sif Muna.
  2975 | D:3      | HP: 1/43 [apoch's ghost (8)]
  2976 | D:3      | Slain by apoch's ghost

Skill      XL: |  1  2  3  4 |
---------------+-------------+-----
Stealth        | 6 7 8 |  8.2
Fighting       | |  2.0
Short Blades   | |  2.0
Throwing       | |  2.0
Dodging        | |  1.0

Action                   |  1- 3 |  4- 6 || total
-------------------------+-------+-------++-------
Melee: Dagger            |    71 |    31 ||   102
       Tentacles         |    13 |     9 ||    22
       Constrict         |    20 |     8 ||    28
       Hand axe          |       |    11 ||    11
  Use: Scroll            |     3 |     4 ||     7
       Potion            |       |     2 ||     2
 Stab: Sleeping          |    15 |     2 ||    17
  Eat: Chunk             |     1 |     4 ||     5
Armor: Skin              |     3 |     1 ||     4
Dodge: Dodged            |    40 |    27 ||    67
